AoeStats
← Da Zap

MegaRandom

508586491Analyzed
3v3 RM · 9d ago on Sep 23, 2026· 47m 48s· 6 players
Game mode
Random Map
Map size
Normal (6 player)
Population
200
Speed
Normal
Resources
Standard
Victory
Conquest
Starting age
Dark Age
Ending age
Imperial Age
RankedLock teamsTeams togetherTeam positionsShared explorationLock speedFull tech treeHidden civsTurbo modeCheats
Victory
Defeat
🇨🇦 Britons · Canada
973
+14
🇨🇦 Varangians · Canada
964
+14
🇨🇦 Huns · Canada
955
+15
🇺🇸 Saxons · United States
962
-15
🇺🇸 Varangians · United States
933
-15
🇨🇳 Burgundians · China
889
-13
Charrito13
9:03 Feudal Age
11:48 Double-Bit Axe
14:09 Loom
17:46 Castle Age
20:09 Husbandry
20:09 Horse Collar
22:59 Arson
26:15 Bow Saw
26:47 Scale Mail Armor
27:02 Forging
27:39 Heavy Plow
29:36 Squires
31:37 Wheelbarrow
33:58 Elite Skirmisher
39:11 Thumb Ring
39:18 Thumb Ring
42:14 Imperial Age
40:17 Fletching
40:27 Padded Archer Armor
42:20 Murder Holes
43:45 Conscription
43:41 Elite Hearth Troop
45:09 Gold Mining
45:10 Stone Mining
Da Zap
12:56 Feudal Age
12:52 Loom
17:58 Castle Age
16:52 Wheelbarrow
16:04 Town Watch
16:19 Double-Bit Axe
23:22 Husbandry
23:49 Bloodlines
24:56 Forging
28:33 Iron Casting
28:04 Scale Barding Armor
29:38 Vendel Legacy
30:42 Hand Cart
31:48 Horse Collar
32:22 Bow Saw
33:20 Chain Barding Armor
33:39 Gold Mining
41:46 Imperial Age
43:29 Conscription
44:11 Ballistics
43:59 Murder Holes
45:06 Chemistry
45:16 Two-Man Saw
44:40 Heavy Scorpion
我不会玩4加2
0:30 Loom
10:08 Feudal Age
15:29 Castle Age
13:16 Horse Collar
15:29 Heavy Plow
16:03 Double-Bit Axe
17:15 Bow Saw
19:18 Crop Rotation
28:59 Stone Mining
29:00 Gold Mining
29:20 Caravan
30:49 Gold Shaft Mining
30:56 Stone Shaft Mining
34:10 Wheelbarrow
34:39 Two-Man Saw
35:00 Burgundian Vineyards
34:21 Cavalier
35:03 Husbandry
35:12 Scale Barding Armor
35:18 Forging
38:46 Imperial Age
37:20 Chain Barding Armor
38:45 Fortified Wall
39:29 Iron Casting
38:50 Paladin
40:40 Plate Barding Armor
41:35 Conscription
42:29 Blast Furnace
43:13 Chemistry
43:30 Masonry
Hayah
8:09 Loom
10:58 Feudal Age
11:36 Double-Bit Axe
11:36 Horse Collar
18:35 Castle Age
17:45 Wheelbarrow
17:22 Town Watch
19:24 Gold Mining
19:48 Bow Saw
21:32 Heavy Plow
22:17 Squires
22:03 Arson
22:58 Gold Mining
23:03 Stone Mining
25:09 Forging
25:03 Scale Mail Armor
26:33 Iron Casting
27:43 Chain Mail Armor
28:45 Pikeman
29:59 Bloodlines
29:49 Husbandry
30:59 Scale Barding Armor
34:11 Imperial Age
33:44 Stone Shaft Mining
33:13 Murder Holes
34:12 Chain Barding Armor
33:46 Fletching
34:13 Elite Varangian Guard
34:15 Halberdier
35:28 Plate Mail Armor
36:00 Blast Furnace
35:55 Crop Rotation
36:01 Conscription
37:40 Caravan
39:02 Gothikon
41:50 Plate Barding Armor
42:02 Ballistics
42:42 Chemistry
42:14 Elite Jarl
46:06 Bodkin Arrow
47:05 Masonry
47:01 Siege Engineers
banana
9:43 Feudal Age
9:54 Loom
11:07 Double-Bit Axe
11:42 Horse Collar
18:41 Castle Age
17:01 Stone Mining
17:26 Fletching
18:30 Gold Mining
19:09 Padded Archer Armor
24:27 Bodkin Arrow
25:40 Leather Archer Armor
25:28 Husbandry
25:43 Town Watch
28:12 Gold Shaft Mining
31:02 Ballistics
30:54 Masonry
35:12 Fortified Wall
34:58 Murder Holes
39:06 Imperial Age
40:42 Wheelbarrow
39:39 Cranequins
40:48 Bow Saw
41:50 Chemistry
41:23 Architecture
41:27 Caravan
43:24 Bracer
44:17 Hand Cart
44:50 Conscription
44:23 Heavy Mounted Crossbowman
jalo117
10:38 Feudal Age
12:22 Bloodlines
14:40 Forging
28:23 Castle Age
26:36 Scale Barding Armor
27:35 Horse Collar
29:50 Double-Bit Axe
30:50 Husbandry
30:12 Light Cavalry
31:33 Pikeman
32:15 Squires
33:27 Heavy Plow
36:58 Wheelbarrow
36:09 Loom
36:50 Gold Mining
39:27 Iron Casting
39:13 Chain Barding Armor
40:53 Hand Cart
47:06 Ballistics
46:58 Masonry
50:06 Imperial Age
Connection lost

Rejoining the realm…

Still unreachable

The connection could not be restored.

Session expired

The server has moved on; the page needs a fresh start.